 Dungeon Crawl Stone Soup version 0.17-a0-1435-geafbe2f (webtiles) character file.

219 Espgualade the Skirmisher (level 5, 0/35 HPs)
             Began as a Tengu Ice Elementalist on June 26, 2015.
             Slain by a giant frog zombie (1 damage)
             ... on level 4 of the Dungeon.
             The game lasted 00:08:51 (3951 turns).

Espgualade the Skirmisher (Tengu Ice Elementalist)  Turns: 3951, Time: 00:08:51

Health: 0/35       AC:  4    Str:  9    XL:     5   Next: 96%
Magic:  7/9        EV: 16    Int: 16    God:
Gold:   177        SH:  0    Dex: 14    Spells: 3 memorised, 2 levels left

rFire  . . .     SeeInvis .     j - +1 hand axe (freeze)
rCold  . . .     Clarity  .     n - +2 robe {MR+}
rNeg   . . .     SustAt   .     (no shield)
rPois  .         Gourm    .     (helmet restricted)
rElec  .         Spirit   .     (no cloak)
rCorr  .         Warding  .     (no gloves)
rMut   .         Stasis   .     (boots unavailable)
MR     +....                    (no amulet)
Stlth  ++........               (no ring)
                                l - +3 ring of evasion

@: somewhat resistant to hostile enchantments, unstealthy
A: beak, talons 3, able to fly 1
a: Fly


You were on level 4 of the Dungeon.
You were not hungry.

You visited 1 branch of the dungeon, and saw 4 of its levels.

You collected 177 gold pieces.

Inventory:

Hand weapons
 j - a +1 hand axe of freezing (weapon)
Armour
 n - a +2 robe of magic resistance (worn)
Jewellery
 l - a +3 ring of evasion (left hand)
Scrolls
 a - a scroll of noise
 d - 5 scrolls of identify
 e - 4 scrolls of remove curse
 h - a scroll of enchant armour
 o - a scroll of random uselessness
 q - a scroll of amnesia
Books
 b - a book of Frost

   Spells                             Type                      Level
   a - Freeze                         Ice                          1
   b - Throw Frost                    Conjuration/Ice              2
   c - Ozocubu's Armour               Charms/Ice                   3
   d - Throw Icicle                   Conjuration/Ice              4
   e - Summon Ice Beast               Ice/Summoning                4
   f - Condensation Shield            Ice                          4
Comestibles
 c - 2 bread rations
 g - 2 meat rations
 k - a royal jelly


   Skills:
 - Level 5.2 Fighting
 + Level 2.9 Dodging
 - Level 2.0 Stealth
 - Level 2.0 Spellcasting
 - Level 1.3 Conjurations
 - Level 2.6 Ice Magic


You had 2 spell levels left.
You knew the following spells:

 Your Spells              Type           Power        Failure   Level  Hunger
a - Freeze                Ice            ##..         10%         1    #......
b - Throw Frost           Conj/Ice       #.....       14%         2    ###....
c - Ozocubu's Armour      Chrm/Ice       #.......     38%         3    ###....


Dungeon Overview and Level Annotations

Branches:
Dungeon (4/15)
 Temple: D:4-7

Altars:
Ashenzari
Okawaru
Sif Muna

Annotations:
D:4 Robin


Innate Abilities, Weirdness & Mutations

You have a beak for a mouth.
You have claws for feet.
You can fly.


Message History

You freeze the giant frog zombie.
The giant frog zombie resists.
The giant frog zombie hits you.
You barely miss the giant frog zombie. You peck the giant frog zombie.
The giant frog zombie hits you. x2
You barely miss the giant frog zombie. You peck the giant frog zombie.
The giant frog zombie hits you.
You hit the giant frog zombie. You peck the giant frog zombie.
The giant frog zombie hits you.
The giant frog zombie barely misses you.
You slash the giant frog zombie! The giant frog zombie hits you.
* * * LOW HITPOINT WARNING * * *
The giant frog zombie hits you.
* * * LOW HITPOINT WARNING * * *
You barely miss the giant frog zombie. Your kick misses the giant frog zombie.
The giant frog zombie hits you.
* * * LOW HITPOINT WARNING * * *
The giant frog zombie misses you.
You hit the giant frog zombie. You claw the giant frog zombie.
The giant frog zombie hits you.
You die...

##################
..........†......#
#######.########.## #.#
#..# #@# ##.# ###
#.########Z#########.####..
#.......†..................
#+##...!##.#########....#..
........##.# #....#.<
............ #....#..
............. #....#..
.....###...... #....#..
..... .#.#### #....#..


You could see a giant frog zombie.

Vanquished Creatures
  2 hounds (D:4)
  4 gnolls (D:4)
  3 adders
  2 oozes
  2 worms
  2 giant geckos (D:1)
  An orc (D:3)
  9 bats
  14 goblins
  11 hobgoblins
  6 jackals
  3 quokkas (D:2)
  4 giant cockroaches
  2 giant newts
  7 kobolds
  12 rats
84 creatures vanquished.

Notes
Turn   | Place    | Note
--------------------------------------------------------------
     0 | D:1      | Espgualade the Tengu Ice Elementalist began the quest for the Orb.
     0 | D:1      | Reached XP level 1. HP: 10/10 MP: 4/4
   341 | D:1      | Reached skill level 1 in Fighting
   351 | D:1      | Reached XP level 2. HP: 4/16 MP: 1/6
   953 | D:1      | Reached XP level 3. HP: 19/22 MP: 7/7
  1076 | D:1      | Learned a level 2 spell: Throw Frost
  1080 | D:1      | Learned a level 3 spell: Ozocubu's Armour
  1397 | D:2      | Reached skill level 3 in Fighting
  1821 | D:2      | Reached XP level 4. HP: 28/28 MP: 8/8
  2172 | D:3      | Found an iron altar of Okawaru.
  2350 | D:3      | Reached skill level 4 in Fighting
  2723 | D:3      | Found a shattered altar of Ashenzari.
  3230 | D:3      | Found a deep blue altar of Sif Muna.
  3351 | D:4      | Gained mutation: You can fly. [Tengu growth]
  3351 | D:4      | Reached XP level 5. HP: 34/34 MP: 2/9
  3377 | D:4      | Noticed Robin
  3411 | D:4      | Reached skill level 5 in Fighting
  3454 | D:4      | HP: 1/52 [gnoll/spear (5)]
  3949 | D:4      | HP: 1/35 [giant frog zombie (1)]
  3951 | D:4      | Slain by a giant frog zombie

Vault maps used:
D:1:      co_arrival_random_square_maze
D:3:      tgw_sif, lemuel_doored_altar, okawaru_ov_weapons_minmay,
          item_on_display_a
D:4:      kennysheep_six_static_rooms, first_bread, abandoned_shop,
          grunt_ministairs_3, hangedman_decor_clover_reticule, uniq_robin

Action                   |  1- 3 |  4- 6 || total
-------------------------+-------+-------++-------
Melee: Dagger            |    18 |       ||    18
       Hand axe          |    56 |   110 ||   166
 Cast: Freeze            |    13 |    18 ||    31
       Ozocubu's Armour  |     1 |     1 ||     2
       Throw Frost       |       |     7 ||     7
  Use: Scroll            |       |     8 ||     8
       Potion            |       |     4 ||     4
 Stab: Sleeping          |     3 |     2 ||     5
  Eat: Chunk             |     3 |     4 ||     7
       Meat ration       |       |     1 ||     1
